 Dungeon Crawl Stone Soup version 0.32-a0-12-g7fc57aa741 (webtiles) character file.

Game seed: 6192447901613964760

18 tilp the Vexing (level 2, -2/20 HPs)
             Began as a Vampire Enchanter on Jan 14, 2024.
             Slain by a gnoll
             ... wielding a +0 club
              (8 damage)
             ... on level 1 of the Dungeon.
             The game lasted 00:01:00 (490 turns).

tilp the Vexing (Vampire Enchanter)                  Turns: 490, Time: 00:01:00

Health: -2/20      AC:  2    Str:  7    XL:     2   Next: 48%
Magic:  5/5        EV: 12    Int: 17    God:
Gold:   24         SH:  0    Dex: 14    Spells: 5/5 levels left

rFire   . . .        a - +1 dagger
rCold   . . .        (no shield)
rNeg    . . .        e - +0 robe
rPois   .            (no helmet)
rElec   .            (no cloak)
rCorr   .            (no gloves)
SInv    +            (no boots)
Will    .....        (no amulet)
Stlth   +++          (no ring)
HPRegen 0.43/turn    (no ring)
MPRegen 0.09/turn

%: no passive effects
@: healing quickly
A: alive, fangs 3, see invisible, vampiric 1
a: Exsanguinate


You were on level 1 of the Dungeon.
You visited 1 branch of the dungeon, and saw 1 of its levels.

You collected 24 gold pieces.

Inventory:

Hand Weapons
 a - a +1 dagger (weapon)
 b - a +0 dagger of venom
Missiles
 d - 4 stones (quivered)
Armour
 e - a +0 robe (worn)
Potions
 c - a potion of invisibility
 f - a potion of curing {unknown}
 g - a potion of ambrosia {unknown}
 h - 2 potions of cancellation {unknown}


   Skills:
 * Level 0.6 Fighting
 * Level 1.5(1.7) Short Blades
 * Level 0.6(1.1) Long Blades
 + Level 2.3 Dodging
 + Level 4.5 Stealth
 + Level 2.0 Spellcasting
 * Level 4.6 Hexes


You had 5 spell levels left.
You didn't know any spells.
Your spell library contained the following spells:

 Spells                   Type           Power      Damage    Failure   Level
 Confusing Touch          Hex            17%        N/A       9%          3
 Tukima's Dance           Hex            17%        N/A       9%          3
 Ensorcelled Hibernation  Hex/Ice        18%        N/A       12%         2
 Dazzling Flash           Conj/Hex       18%        N/A       22%         3


Dungeon Overview and Level Annotations

Branches:
Dungeon (1/15)

Altars:


Innate Abilities, Weirdness & Mutations

Your natural rate of healing is accelerated.
You have razor-sharp teeth.
You have supernaturally acute eyesight. (SInv)
You are afflicted with vampirism.


Message History

There is a large open door here.
Found a scroll labelled TAB JOPUGIFOL.
The gnoll shouts!
A kobold comes into view. It is wielding a +0 dagger.
The rat bites you.
You barely miss the rat. The rat barely misses you.
You hit the rat.
You kill the rat!
The gnoll attacks as it pursues you! The gnoll hits you but does no damage.
There is a large open door here.
There is a large open door here.
You don't know any spells.
Unknown command.
Unknown command.
The gnoll hits you with a +0 club.
There is a large open door, spattered with blood here.
You barely miss the gnoll. The gnoll barely misses you.
You hit the gnoll.
The gnoll is moderately wounded.
The gnoll barely misses you.
You hit the gnoll.
The gnoll is heavily wounded.
The gnoll hits you with a +0 club.
You hit the gnoll but do no damage. You bite the gnoll, but do no damage.
The gnoll is heavily wounded.
The gnoll hits you with a +0 club.
You barely miss the gnoll.
The gnoll is heavily wounded.
The gnoll misses you.
You closely miss the gnoll. You bite the gnoll, but do no damage.
The gnoll is heavily wounded.
The gnoll hits you with a +0 club!
* * * LOW HITPOINT WARNING * * *
You closely miss the gnoll.
The gnoll is heavily wounded.
The gnoll closely misses you.
You closely miss the gnoll.
The gnoll is heavily wounded.
The gnoll hits you with a +0 club!
You die...

.......).................
.......).................
.....#####'#....#####....?#
.....#####.#....##........#
.....##†...#....##........+
#######....#....##.......#
#........##...##.......#
##.........#...##.......##
#..........'...@g.........
#....#.....#...##...#..(
##....#.....#...#####......
............#...## #......
...........).....# #.....#
.................# #.....#
#####............# ......##
#................# .l...#
#.#..##..###.....# #...# #


You could see a gnoll.

Vanquished Creatures
  A ball python (D:1)
  A bat (D:1)
  An endoplasm (D:1)
  A giant cockroach (D:1)
  4 jackals (D:1)
  2 frilled lizards (D:1)
  3 goblins (D:1)
  3 kobolds (D:1)
  A rat (D:1)
17 creatures vanquished.

Notes
Turn   | Place    | Note
-------+----------+-------------------------------------------
     0 | D:1      | tilp the Vampire Enchanter began the quest for the Orb.
     0 | D:1      | Reached XP level 1. HP: 13/13 MP: 3/3
   204 | D:1      | Reached XP level 2. HP: 16/19 MP: 5/5
   490 | D:1      | Slain by a gnoll

Illustrated notes

Levels and vault maps discovered:
D:1:      minmay_arrival_doors, layout_basic, corexii_item_surrounded_by_moat,
          grunt_decor_resistance

Action                     || total
---------------------------++-------
  Melee: Dagger            ||    65
         Bite              ||    10
  Throw: Stone             ||     1
    Use: Potion            ||     1
   Stab: Invisible         ||     2
         Sleeping          ||     1
 Armour: Robe              ||    43
  Dodge: Dodged            ||    54

Table legend: (Time is in decaauts)
 A = Elapsed time spent in this place.
 B = Non-inter-level travel time spent in this place.
 C = Inter-level travel time spent in this place.
 D = Time resting spent in this place.
 E = Time spent auto-exploring this place.
 F = Levels seen in this place.
 G = Mean time per level.
                   A        B        C        D        E       F      G
               +--------+--------+--------+--------+--------+-----+--------+
         Total |    485 |    485 |      0 |    133 |    205 |   1 |  485.0 |
       Dungeon |    485 |    485 |      0 |    133 |    205 |   1 |  485.0 |
               +--------+--------+--------+--------+--------+-----+--------+

Top non-repeatable levels by time:
     D:1: 485 daAuts
